 Dungeon Crawl Stone Soup version 0.17.1-3-g152610e (console) character file.

133 Sehdowjr the Conjurer (level 4, -3/36 HPs)
             Began as a Deep Elf Conjurer on Mar 11, 2016.
             Slain by Grinder (8 damage)
             ... on level 3 of the Dungeon.
             The game lasted 00:15:30 (2429 turns).

Sehdowjr the Conjurer (Deep Elf Conjurer)           Turns: 2429, Time: 00:15:31

Health: -3/36      AC: 22    Str:  5    XL:     4   Next: 94%
Magic:  1/13       EV:  2    Int: 21    God:
Gold:   226        SH:  0    Dex: 15    Spells: 2 memorised, 8 levels left

rFire  . . .     SeeInvis .     (no weapon)
rCold  . . .     Clarity  .     (armour currently unavailable)
rNeg   + + +     SustAt   .     (no shield)
rPois  +         Gourm    .     (helmet currently unavailable)
rElec  .         Spirit   .     (cloak currently unavailable)
rCorr  .         Warding  .     (gloves currently unavailable)
rMut   .         NoTele   +     (boots currently unavailable)
MR     .....                    (no amulet)
Stlth  +++.......               (no ring)
                                (no ring)

@: tree-form, not resistant to hostile enchantments, fairly stealthy
A: no striking features
a: no special abilities


You were on level 3 of the Dungeon.
You were hungry.
You were a tree.
You visited 1 branch of the dungeon, and saw 3 of its levels.

You collected 226 gold pieces.

Inventory:

Armour
 a - a +0 robe (melded)
 o - a +1 cloak (melded)
Wands
 p - a wand of frost (28)
Scrolls
 e - a scroll of remove curse
 g - a scroll of enchant weapon {unknown}
 h - a scroll of identify
 i - a scroll of teleportation {unknown}
 k - a scroll of enchant armour {unknown}
 l - 2 scrolls of blinking
 m - a scroll of fog {unknown}
 t - a scroll of amnesia {unknown}
Potions
 j - a potion of agility {unknown}
 n - a potion of poison {unknown}
 q - a potion of haste {unknown}
 r - 2 potions of mutation {unknown}
Books
 b - a book of Conjurations

   Spells                             Type                      Level
   a - Magic Dart                     Conjuration                  1
   b - Searing Ray                    Conjuration                  2
   c - Dazzling Spray                 Conjuration/Hexes            3
   d - Fulminant Prism                Conjuration/Hexes            4
   e - Iskenderun's Mystic Blast      Conjuration                  4
   f - Iskenderun's Battlesphere      Conjuration/Charms           5
Comestibles
 c - 3 bread rations
 f - 2 meat rations


   Skills:
 - Level 2.5 Dodging
 - Level 2.5 Stealth
 + Level 5.3 Spellcasting
 + Level 5.7 Conjurations


You had 8 spell levels left.
You knew the following spells:

 Your Spells              Type           Power        Failure   Level  Hunger
a - Magic Dart            Conj           ####         1%          1    None
x - Iskenderun's Mystic   Conj           ####....     12%         4    ####...


Dungeon Overview and Level Annotations

Branches:
Dungeon (3/15)

Altars:

Annotations:
D:3 Grinder


Message History

* * * LOW HITPOINT WARNING * * *
You can move again.
Drink which item? (? for menu, Esc to quit)
It was a potion of lignification.
You turn into a tree.
Your +1 cloak melds into your body.
Your +0 robe melds into your body.
Your roots penetrate the ground.
Grinder drinks a potion.
Grinder seems to grow stronger.
Drink which item? (? for menu, Esc to quit)
Okay, then.
Read which item? (? for menu, Esc to quit)
As you read the scroll labeled MUBUOKHLAPUG, it crumbles to dust.
You feel blessed for a moment.
It was a scroll of remove curse.
Grinder hits you but does no damage.
Read which item? (? for menu, Esc to quit)
As you read the scroll labeled QICOUH DOFIRHY, it crumbles to dust.
It is a scroll of identify.
Identify which item? (\ to view known items) (? for menu, Esc to quit)
l - 2 scrolls of blinking Grinder hits you!
You die...

....##.#..#..#.#
..####.......#.##.#
#...##.##.........##
.##.#...#.##.#.##..#
.......)...###.# ..##
###...).....##.. ...####
...........## ##.......
.###.....#######........
...............5♣......$
######(########.........
### #..†...... #####
##........ .....
.....##.. ##### .....# #
......# #...### ##.##


You could see Grinder.

Vanquished Creatures
  Jessica (D:3)
  A gnoll (D:1)
  4 adders
  A worm (D:2)
  4 giant geckos
  An orc (D:3)
  A ball python (D:3)
  4 giant cockroaches
  8 hobgoblins
  4 jackals (D:1)
  8 kobolds
  A quokka (D:2)
  3 bats
  2 giant newts (D:2)
  6 goblins
  8 rats
57 creatures vanquished.

Notes
Turn   | Place    | Note
--------------------------------------------------------------
     0 | D:1      | Sehdowjr the Deep Elf Conjurer began the quest for the Orb.
     0 | D:1      | Reached XP level 1. HP: 10/10 MP: 6/6
   171 | D:1      | Reached XP level 2. HP: 15/15 MP: 5/8
   331 | D:1      | Reached skill level 5 in Conjurations
   399 | D:1      | Reached XP level 3. HP: 19/19 MP: 2/10
  1687 | D:2      | Reached XP level 4. HP: 24/24 MP: 6/12
  1804 | D:2      | Learned a level 4 spell: Iskenderun's Mystic Blast
  2112 | D:3      | Noticed Jessica
  2118 | D:3      | Killed Jessica
  2118 | D:3      | Reached skill level 5 in Spellcasting
  2409 | D:3      | Noticed Grinder
  2424 | D:3      | Paralysed by Grinder for 3 turns
  2429 | D:3      | Slain by Grinder

Action                   |  1- 3 |  4- 6 || total
-------------------------+-------+-------++-------
Melee: Unarmed           |       |     2 ||     2
 Cast: Magic Dart        |    87 |    41 ||   128
       Iskenderun's Myst |       |     2 ||     2
  Use: Scroll            |       |     2 ||     2
       Potion            |       |     1 ||     1
  Eat: Chunk             |     1 |     3 ||     4
